 Dungeon Crawl Stone Soup version 0.28-a0-1429-gf3d713df7a (webtiles) character file.

Game seed: 7616410189864623149

139 Cheeritup the Caller (level 5, -3/28 HPs)
             Began as a Tengu Summoner on Jan 8, 2022.
             Killed by divine providence
             ... invoked by an orc priest
              (10 damage)
             ... on level 3 of the Dungeon.
             The game lasted 00:14:20 (2672 turns).

Cheeritup the Caller (Tengu Summoner)               Turns: 2672, Time: 00:14:20

Health: -3/28      AC:  6    Str: 11    XL:     5   Next: 22%
Magic:  3/9        EV: 13    Int: 15    God:
Gold:   95         SH:  0    Dex: 14    Spells: 2/8 levels left

rFire   . . .      SeeInvis .   a - +0 great sword
rCold   + . .      Faith    .   (shield currently unavailable)
rNeg    . . .      Spirit   .   m - +0 ring mail
rPois   .          Reflect  .   (helmet restricted)
rElec   .          Harm     .   l - +0 cloak
rCorr   .          Rampage  .   (no gloves)
Will    .....                   (boots unavailable)
Stlth   +.........              (no amulet)
HPRegen 0.09/turn               p - ring of protection from cold
MPRegen 0.11/turn               (no ring)

@: flying quickly and evasively, quick
A: beak, talons 3, nimble flight
a: no special abilities


You were on level 3 of the Dungeon.
You visited 1 branch of the dungeon, and saw 3 of its levels.

You collected 95 gold pieces.

Inventory:

Hand Weapons
 a - a +0 great sword (weapon)
 b - a +0 hunting sling
 t - a +0 spear
Missiles
 o - 53 stones
 q - a javelin (quivered)
Armour
 l - a +0 cloak (worn)
 m - a +0 ring mail (worn)
Magical Staves
 i - a staff of death
Jewellery
 p - a ring of protection from cold (left hand)
Wands
 k - a wand of mindburst (16)
Scrolls
 e - a scroll of holy word {unknown}
 n - a scroll of silence {unknown}
 r - a scroll of teleportation {unknown}
Potions
 d - a potion of degeneration {unknown}
 f - 2 potions of lignification {unknown}
 g - a potion of attraction {unknown}
 h - 2 potions of curing {unknown}
 j - 2 potions of might {unknown}
 s - a potion of heal wounds {unknown}


   Skills:
 + Level 0.8 Fighting
 - Level 1.0 Short Blades
 * Level 0.0(0.3) Long Blades
 - Level 1.3 Polearms
 - Level 2.5 Dodging
 - Level 2.0 Stealth
 - Level 2.0 Spellcasting
 - Level 7.0 Summonings


You had 2 spell levels left.
You knew the following spells:

 Your Spells              Type           Power      Damage    Failure   Level
a - Summon Small Mammal   Summ           88%        N/A       3%          1
b - Call Imp              Summ           22%        N/A       4%          2
c - Call Canine Familiar  Summ           22%        N/A       9%          3

Your spell library contained the following spells:

 Spells                   Type           Power      Damage    Failure   Level
 Sublimation of Blood     Necr           1%         N/A       63%         2
 Wereblood                Tmut           1%         N/A       63%         2
 Summon Guardian Golem    Hex/Summ       12%        N/A       36%         3
 Summon Lightning Spire   Summ/Air       12%        N/A       77%         4
 Tukima's Dance           Hex            1%         N/A       85%         3
 Passage of Golubria      Tloc           1%         N/A       99%         4
 Yara's Violent Unravell  Hex/Tmut       0%         3d3       100%        5
 Summon Hydra             Summ           11%        N/A       100%        7


Dungeon Overview and Level Annotations

Branches:
Dungeon (3/15)

Altars:
Beogh


Innate Abilities, Weirdness & Mutations

You have a beak for a mouth.
You have claws for feet.
Your magical nature lets you fly swiftly and evasively.


Message History

Orders for allies: a - Attack new target. r - Retreat! s - Stop attacking. g - Guard the area. f - Follow me.
Anything else - Cancel.
Guard this area!
Your crimson imp blinks!
The orc barely misses your hound.
Your crimson imp blinks!
Clearing level map.
You reach down and close the door.
Number of times to repeat, then command key: You must enter the number of times for the command to repeat.
Found 16 gold pieces.
You see here 16 gold pieces.
Clearing level map.
There's nothing to close nearby.
Casting: Call Canine Familiar (quite dangerous; 9% risk of failure)
Confirm with . or Enter, or press ? or * to list all spells.
You don't know that spell.
Casting: Call Canine Familiar (quite dangerous; 9% risk of failure)
Confirm with . or Enter, or press ? or * to list all spells.
The spell is quite dangerous to miscast (9% risk of failure)!
Continue anyway?
You swap places.
Found a fuming green potion.
Casting: Call Canine Familiar (quite dangerous; 9% risk of failure)
Confirm with . or Enter, or press ? or * to list all spells.
A beastly little devil appears in a puff of flame.
What are your orders? t - Shout!
Orders for allies: a - Attack new target. r - Retreat! s - Stop attacking. g - Guard the area. f - Follow me.
Anything else - Cancel.
Guard this area!
Your hound bites the orc priest but does no damage.
Your crimson imp closely misses the orc priest.
Your hound barely misses the orc priest.
The orc priest invokes the aid of Beogh against you.
Beogh smites you!
You die...

#.####..###########.#
#.#..#
#.....o..........#
#.#..#
#....#..##.##########
#.#...
#..#.#.....#..h#
..##.## #. .
#...#.#.#o# ### .. #
. #.....#.#5# ## #.
###.#.o.#.#
!..#####.#
.........@.#
#############


You could see an orc priest (ally target), a friendly hound (summoned) and a
friendly crimson imp (summoned).

Vanquished Creatures
  2 adders (D:2)
  3 ball pythons (D:2)
  2 endoplasms
  8 goblins
  3 hobgoblins
  2 jackals (D:3)
  3 kobolds
  A quokka (D:1)
  9 bats
  5 frilled lizards
  2 rats
40 creatures vanquished.

Vanquished Creatures (collateral kills)
  Ijyb (D:3)
  Jessica (D:2)
  Robin (D:2)
  A dart slug (D:2)
  An endoplasm (D:2)
  7 goblins
  2 rats
14 creatures vanquished.

Vanquished Creatures (others)
  A goblin (D:2)
1 creature vanquished.

Grand Total: 55 creatures vanquished

Notes
Turn   | Place    | Note
-------+----------+-------------------------------------------
     0 | D:1      | Cheeritup the Tengu Summoner began the quest for the Orb.
     0 | D:1      | Reached XP level 1. HP: 10/10 MP: 4/4
   100 | D:1      | Reached skill level 5 in Summonings
   169 | D:1      | Reached skill level 1 in Short Blades
   272 | D:1      | Reached XP level 2. HP: 15/15 MP: 6/6
   277 | D:1      | Learned a level 2 spell: Call Imp
  1245 | D:2      | Reached XP level 3. HP: 18/19 MP: 4/7
  1288 | D:2      | Learned a level 3 spell: Call Canine Familiar
  1395 | D:2      | Reached skill level 6 in Summonings
  1502 | D:2      | Noticed Jessica
  1525 | D:2      | Killed Jessica
  1526 | D:2      | Reached XP level 4. HP: 22/24 MP: 2/8
  1624 | D:2      | Noticed Robin
  1635 | D:2      | Killed Robin
  1638 | D:2      | Reached skill level 7 in Summonings
  1776 | D:2      | Found a faded altar of an unknown god.
  2097 | D:3      | Noticed Ijyb
  2110 | D:3      | Killed Ijyb
  2111 | D:3      | Reached skill level 1 in Polearms
  2111 | D:3      | Gained mutation: Your magical nature lets you fly swiftly
                  | and evasively. [Tengu growth]
  2111 | D:3      | Reached XP level 5. HP: 12/28 MP: 4/9
  2672 | D:3      | Killed from afar by an orc priest

Illustrated notes

Levels and vault maps discovered:
D:1:      shiori_arrival_elements, layout_basic
D:2:      layout_rooms, shapermc_ecumenical_altar_starsandcircs, uniq_jessica,
          uniq_robin
D:3:      layout_basic, amethyst_killhole, kennysheep_orc_chapel, uniq_ijyb

Skill      XL: |  1  2  3  4 |
---------------+-------------+-----
Summonings     | 5 6 7 |  7.0
Short Blades   | 1 |  1.0
Polearms       | 1 |  1.3
Fighting       | |  0.8
Dodging        | |  2.5
Stealth        | |  2.0
Spellcasting   | |  2.0

Action                   |  1- 3 |  4- 6 || total
-------------------------+-------+-------++-------
Melee: Short sword       |    43 |    21 ||    64
       Kick              |     9 |     9 ||    18
       Unarmed           |     2 |       ||     2
       Peck              |     6 |    12 ||    18
       Punch             |     1 |       ||     1
       Spear             |       |    38 ||    38
Throw: Javelin           |    21 |     2 ||    23
 Cast: Call Imp          |     3 |     9 ||    12
       Summon Small Mamm |     3 |     4 ||     7
       Call Canine Famil |     2 |     6 ||     8
  Use: Scroll            |       |     1 ||     1
Armor: Robe              |    23 |       ||    23
       Ring mail         |     3 |    24 ||    27
Dodge: Dodged            |    33 |    27 ||    60

Table legend: (Time is in decaauts)
 A = Elapsed time spent in this place.
 B = Non-inter-level travel time spent in this place.
 C = Inter-level travel time spent in this place.
 D = Time resting spent in this place.
 E = Time spent auto-exploring this place.
 F = Levels seen in this place.
 G = Mean time per level.
                   A        B        C        D        E       F      G
               +--------+--------+--------+--------+--------+-----+--------+
         Total |   2659 |   2599 |     60 |    290 |   1639 |   3 |  886.3 |
       Dungeon |   2659 |   2599 |     60 |    290 |   1639 |   3 |  886.3 |
               +--------+--------+--------+--------+--------+-----+--------+

Top non-repeatable levels by time:
     D:1: 1220 daAuts
     D:2: 796 daAuts
     D:3: 642 daAuts
